Peoria Rivermen vs Havana Tropicals
Created - Monday, March 20, 2023 at 07:51
Goals
|
| Peoria Rivermen |
0 |
1 |
2 |
3 |
| Havana Tropicals |
1 |
1 |
2 |
4 |
|
Shots
|
| Peoria Rivermen |
10 |
8 |
14 |
32 |
| Havana Tropicals |
12 |
10 |
10 |
32 |
|
1st period
1. Havana Tropicals , Dean Kukan 1 (Teddy Blueger 10, Pierre-Edouard Bellemare 3) at 16:00 (PP)
Penalties :
Jalen Chatfield (PRM) for Slashing (Minor) at 4:00, Pavel Dorofeyev (HAV) for Hooking (Minor) at 7:40, Milan Lucic (HAV) for Slashing (Minor) at 11:50, Sasha Chmelevski (PRM) for Holding (Minor) at 15:51, Connor Mackey (PRM) for Hooking (Minor) at 18:59
2nd period
2. Havana Tropicals , Emil Bemstrom 3 (Henrik Borgstrom 2, Philipp Kurashev 2) at 12:45 (PP)
3. Peoria Rivermen , Brandon Biro 1 (Connor Mackey 2, Jakob Pelletier 5) at 13:31
Penalties :
Zach Aston-Reese (HAV) for Roughing (Minor) at 1:55, Dakota Joshua (PRM) for Interference (Minor) at 11:47
3rd period
4. Peoria Rivermen , Sasha Chmelevski 6 (Ryan Lomberg 5, Zachary Jones 2) at 4:46
5. Peoria Rivermen , Josiah Slavin 2 (Tyler Pitlick 4, Dakota Joshua 3) at 8:55
6. Havana Tropicals , Nolan Foote 2 (Pavel Dorofeyev 3) at 15:52
7. Havana Tropicals , Emil Bemstrom 4 (Philipp Kurashev 3) at 18:18
Penalties :
Jakob Pelletier (PRM) for Roughing (Minor) at 6:45, Sammy Blais (HAV) for Boarding (Minor) at 13:12
Goalie Stats
Joey Daccord (PRM), 28 saves from 32 shots - (0.875), L, 2-3-0, 59:01 minutes
Eric Comrie (HAV), 29 saves from 32 shots - (0.906), W, 5-0-2, 60:00 minutes
Players Stats for Peoria Rivermen
Player Name G A P +/- PIM S H SB GA TA FO MP PP MP PK MP
------------------------------------------------------------------------------------
Brandon Biro 1 0 1 1 0 7 1 1 1 0 0/0 13:30 0:00 1:22
Connor Mackey 0 1 1 2 2 1 0 0 0 2 0/0 19:47 3:18 2:27
Dakota Joshua 0 1 1 1 2 3 2 0 0 0 5/11 15:32 3:27 0:00
Grant Mismash 0 0 0 0 0 0 0 0 0 0 1/4 8:29 0:00 0:00
Jakob Pelletier 0 1 1 1 2 0 3 0 0 0 7/9 12:38 0:30 0:00
Jakub Galvas 0 0 0 0 0 2 0 1 0 0 0/0 11:23 0:03 0:00
Jalen Chatfield 0 0 0 -1 2 1 1 0 0 1 0/0 27:20 4:35 3:03
Jesper Froden 0 0 0 0 0 1 0 1 1 1 0/0 8:29 0:00 0:00
Jonas Rondbjerg 0 0 0 1 0 1 0 1 0 0 0/1 13:13 0:03 1:12
Josiah Slavin 1 0 1 1 0 3 0 0 0 0 0/0 15:48 3:32 0:00
Lucas Raymond 0 0 0 -1 0 3 4 0 3 1 3/8 26:25 4:06 3:35
Matthew Kessel 0 0 0 0 0 1 1 1 0 2 0/0 13:26 0:03 1:25
Patrick Giles 0 0 0 0 0 0 1 0 0 0 0/0 2:55 1:03 0:00
Ryan Lomberg 0 1 1 -1 0 2 2 0 0 1 1/4 18:00 3:54 2:23
Sasha Chmelevski 1 0 1 -1 2 1 3 0 2 0 9/17 18:51 3:54 3:13
Tyler Pitlick 0 1 1 1 0 5 1 1 2 1 0/1 18:19 3:19 2:23
Yegor Zamula 0 0 0 -1 0 0 1 1 0 0 0/0 28:12 4:35 4:14
Zachary Jones 0 1 1 2 0 1 0 0 0 0 0/0 20:34 3:18 2:59
Players Stats for Havana Tropicals
Player Name G A P +/- PIM S H SB GA TA FO MP PP MP PK MP
------------------------------------------------------------------------------------
Alexander Nylander 0 0 0 1 0 0 1 0 0 0 0/0 5:27 0:00 0:00
Chris Tierney 0 0 0 -2 0 3 3 0 1 0 6/10 19:16 2:46 2:33
Dean Kukan 1 0 1 -1 0 4 0 0 0 2 0/0 22:09 3:46 3:19
Dennis Cholowski 0 0 0 0 0 0 0 1 0 0 0/0 9:23 0:11 0:00
Emil Bemstrom 2 0 2 1 0 4 1 1 1 0 0/1 12:20 0:19 0:25
Henrik Borgstrom 0 1 1 1 0 0 0 0 0 0 0/0 7:57 0:19 1:40
Milan Lucic 0 0 0 -2 2 2 1 0 0 1 0/0 16:56 2:46 0:00
Nolan Foote 1 0 1 1 0 3 1 1 0 0 0/0 5:27 0:00 0:00
Pavel Dorofeyev 0 1 1 1 2 0 0 1 1 0 0/1 12:49 0:00 1:04
Philipp Kurashev 0 2 2 1 0 0 0 0 0 0 3/9 12:03 0:19 0:00
Pierre-Edouard Bellemare 0 1 1 -1 0 2 3 1 1 0 0/1 21:23 3:59 3:50
Robert Bortuzzo 0 0 0 0 0 1 1 4 0 1 0/0 28:28 3:07 4:37
Sammy Blais 0 0 0 -2 2 3 1 1 2 0 0/0 16:47 2:46 0:00
Teddy Blueger 0 1 1 -1 0 2 3 0 0 1 19/30 21:23 3:59 3:50
Timothy Liljegren 0 0 0 -1 0 1 2 0 0 0 0/0 22:09 3:46 3:19
Tucker Poolman 0 0 0 0 0 2 0 0 0 1 0/0 9:23 0:11 0:00
Zach Aston-Reese 0 0 0 -1 2 2 1 2 2 1 1/3 20:12 3:59 2:30
Zach Whitecloud 0 0 0 0 0 3 1 2 1 2 0/0 28:28 3:07 4:37
3 Stars
1 - Emil Bemstrom (HAV)
2 - Nolan Foote (HAV)
3 - Philipp Kurashev (HAV)
Power Play
Peoria Rivermen - 0 on 4 Attempt(s) - 0.00%
Havana Tropicals - 2 on 5 Attempt(s) - 40.00%
Penalty Kill
Peoria Rivermen - 3 on 5 Attempt(s) - 60.00%
- Score 0 goal in Penalty Kill
Havana Tropicals - 4 on 4 Attempt(s) - 100.00%
- Score 0 goal in Penalty Kill
Team Stat
Peoria Rivermen - Hits : 20 - Faceoff Wins : 26 - Blocked Shots : 7 - Penalty Minutes : 10
Havana Tropicals - Hits : 19 - Faceoff Wins : 29 - Blocked Shots : 14 - Penalty Minutes : 8
Official
Referees : Mike Hasenfratz and Jean Hebert
Linesman : Tony Sericolo and Derek Nansen
Game Notes
No Game Note
Peoria Rivermen
5 vs 5 Forward
Center Left Wing Right Wing Time % Phy DF OF
1 Sasha Chmelevski Lucas Raymond Ryan Lomberg 40 1 2 2
2 Dakota Joshua Josiah Slavin Tyler Pitlick 30 1 2 2
3 Jakob Pelletier Brandon Biro Jonas Rondbjerg 20 1 2 2
4 Grant Mismash Lucas Raymond Jesper Froden 10 1 2 2
5 vs 5 Defense
Defense Defense Time % Phy DF OF
1 Jalen Chatfield Yegor Zamula 40 1 2 2
2 Zachary Jones Connor Mackey 30 1 2 2
3 Jakub Galvas Matthew Kessel 20 1 2 2
4 Jalen Chatfield Yegor Zamula 10 1 2 2
PowerPlay Forward
Center Left Wing Right Wing Time % Phy DF OF
1 Sasha Chmelevski Lucas Raymond Ryan Lomberg 60 1 2 2
2 Dakota Joshua Josiah Slavin Tyler Pitlick 40 1 2 2
PowerPlay Defense
Defense Defense Time % Phy DF OF
1 Jalen Chatfield Yegor Zamula 60 1 2 2
2 Zachary Jones Connor Mackey 40 1 2 2
Penalty Kill 4 Players Forward
Center Wing Time % Phy DF OF
1 Lucas Raymond Sasha Chmelevski 60 1 2 2
2 Ryan Lomberg Tyler Pitlick 40 1 2 2
Penalty Kill 4 Players Defense
Defense Defense Time % Phy DF OF
1 Jalen Chatfield Yegor Zamula 60 1 2 2
2 Zachary Jones Connor Mackey 40 1 2 2
Penalty Kill - 3 Players Forward
Forward Time % Phy DF OF
1 Lucas Raymond 60 1 2 2
2 Sasha Chmelevski 40 1 2 2
Penalty Kill - 3 Players Defense
Defense Defense Time % Phy DF OF
1 Jalen Chatfield Yegor Zamula 60 1 2 2
2 Zachary Jones Connor Mackey 40 1 2 2
4 vs 4 Forward
Center Wing Time % Phy DF OF
1 Lucas Raymond Sasha Chmelevski 60 1 2 2
2 Ryan Lomberg Tyler Pitlick 40 1 2 2
4 vs 4 Defense
Defense Defense Time % Phy DF OF
1 Jalen Chatfield Yegor Zamula 60 1 2 2
2 Zachary Jones Connor Mackey 40 1 2 2
Last Minutes Offensive
Center Left Wing Right Wing Defense Defense
Sasha Chmelevski Lucas Raymond Ryan Lomberg Jalen Chatfield Yegor Zamula
Last Minutes Defensive
Center Left Wing Right Wing Defense Defense
Sasha Chmelevski Lucas Raymond Ryan Lomberg Jalen Chatfield Yegor Zamula
Goaltenders
Starting : Joey Daccord
Backup : Ukko-Pekka Luukkonen
Extra Forwards
Normal : Patrick Giles, Jakob Pelletier, Brandon Biro - PP : Patrick Giles, Jakob Pelletier - PK : Brandon Biro
Extra Defensemen
Normal : Jakub Galvas, Matthew Kessel, Zachary Jones - PP : Jakub Galvas - PK : Matthew Kessel, Zachary Jones
Penalty Shots
Lucas Raymond, Sasha Chmelevski, Ryan Lomberg, Tyler Pitlick, Dakota Joshua
Havana Tropicals
5 vs 5 Forward
Center Left Wing Right Wing Time % Phy DF OF
1 Teddy Blueger Pierre-Edouard Bellemare Zach Aston-Reese 40 1 2 2
2 Chris Tierney Milan Lucic Sammy Blais 30 1 2 2
3 Philipp Kurashev Emil Bemstrom Pavel Dorofeyev 20 1 2 2
4 Henrik Borgstrom Nolan Foote Alexander Nylander 10 1 2 2
5 vs 5 Defense
Defense Defense Time % Phy DF OF
1 Zach Whitecloud Robert Bortuzzo 40 1 2 2
2 Timothy Liljegren Dean Kukan 30 1 2 2
3 Tucker Poolman Dennis Cholowski 20 1 2 2
4 Zach Whitecloud Robert Bortuzzo 10 1 2 2
PowerPlay Forward
Center Left Wing Right Wing Time % Phy DF OF
1 Teddy Blueger Pierre-Edouard Bellemare Zach Aston-Reese 60 1 2 2
2 Chris Tierney Milan Lucic Sammy Blais 40 1 2 2
PowerPlay Defense
Defense Defense Time % Phy DF OF
1 Zach Whitecloud Robert Bortuzzo 60 1 2 2
2 Timothy Liljegren Dean Kukan 40 1 2 2
Penalty Kill 4 Players Forward
Center Wing Time % Phy DF OF
1 Teddy Blueger Pierre-Edouard Bellemare 60 1 2 2
2 Chris Tierney Zach Aston-Reese 40 1 2 2
Penalty Kill 4 Players Defense
Defense Defense Time % Phy DF OF
1 Zach Whitecloud Robert Bortuzzo 60 1 2 2
2 Timothy Liljegren Dean Kukan 40 1 2 2
Penalty Kill - 3 Players Forward
Forward Time % Phy DF OF
1 Teddy Blueger 60 1 2 2
2 Pierre-Edouard Bellemare 40 1 2 2
Penalty Kill - 3 Players Defense
Defense Defense Time % Phy DF OF
1 Zach Whitecloud Robert Bortuzzo 60 1 2 2
2 Timothy Liljegren Dean Kukan 40 1 2 2
4 vs 4 Forward
Center Wing Time % Phy DF OF
1 Teddy Blueger Pierre-Edouard Bellemare 60 1 2 2
2 Chris Tierney Zach Aston-Reese 40 1 2 2
4 vs 4 Defense
Defense Defense Time % Phy DF OF
1 Zach Whitecloud Robert Bortuzzo 60 1 2 2
2 Timothy Liljegren Dean Kukan 40 1 2 2
Last Minutes Offensive
Center Left Wing Right Wing Defense Defense
Teddy Blueger Pierre-Edouard Bellemare Zach Aston-Reese Zach Whitecloud Robert Bortuzzo
Last Minutes Defensive
Center Left Wing Right Wing Defense Defense
Teddy Blueger Pierre-Edouard Bellemare Zach Aston-Reese Zach Whitecloud Robert Bortuzzo
Goaltenders
Starting : Eric Comrie
Backup : Arvid Soderblom
Extra Forwards
Normal : Philipp Kurashev, Emil Bemstrom, Pavel Dorofeyev - PP : Philipp Kurashev, Emil Bemstrom - PK : Pavel Dorofeyev
Extra Defensemen
Normal : Tucker Poolman, Dennis Cholowski, Timothy Liljegren - PP : Tucker Poolman - PK : Dennis Cholowski, Timothy Liljegren
Penalty Shots
Teddy Blueger, Pierre-Edouard Bellemare, Chris Tierney, Zach Aston-Reese, Milan Lucic
% Time on Ice - Peoria Rivermen
Lines # - Real PCT - Wanted PCT - Time Play
Normal Forward
1 - 24% - 40% - 10:43
2 - 29% - 30% - 12:37
3 - 28% - 20% - 12:08
4 - 19% - 10% - 8:29
Normal Defense
1 - 41% - 40% - 18:06
2 - 32% - 30% - 14:07
3 - 25% - 20% - 11:02
4 - 2% - 10% - 0:42
PP Forward
1 - 55% - 60% - 4:24
2 - 45% - 40% - 3:32
PP Defense
1 - 58% - 60% - 4:38
2 - 42% - 40% - 3:18
PK Forward
1 - 61% - 60% - 4:18
2 - 39% - 40% - 2:46
PK Defense
1 - 63% - 60% - 4:26
2 - 37% - 40% - 2:38
PK3 Forward
1 - 0% - 60%
2 - 0% - 40%
PK3 Defense
1 - 0% - 60%
2 - 0% - 40%
44 Forward
1 - 0% - 60%
2 - 0% - 40%
44 Defense
1 - 0% - 60%
2 - 0% - 40%
Last Minute Offensive - 1:03
Last Minute Defensive - 0:00
Total
Forward - 60:00
Defense - 60:00
|
% Time on Ice - Havana Tropicals
Lines # - Real PCT - Wanted PCT - Time Play
Normal Forward
1 - 31% - 40% - 13:32
2 - 32% - 30% - 14:12
3 - 25% - 20% - 10:47
4 - 12% - 10% - 5:27
Normal Defense
1 - 42% - 40% - 18:19
2 - 34% - 30% - 15:04
3 - 21% - 20% - 9:12
4 - 3% - 10% - 1:23
PP Forward
1 - 61% - 60% - 4:18
2 - 39% - 40% - 2:46
PP Defense
1 - 44% - 60% - 3:07
2 - 56% - 40% - 3:57
PK Forward
1 - 68% - 60% - 5:23
2 - 32% - 40% - 2:33
PK Defense
1 - 58% - 60% - 4:37
2 - 42% - 40% - 3:19
PK3 Forward
1 - 0% - 60%
2 - 0% - 40%
PK3 Defense
1 - 0% - 60%
2 - 0% - 40%
44 Forward
1 - 0% - 60%
2 - 0% - 40%
44 Defense
1 - 0% - 60%
2 - 0% - 40%
Last Minute Offensive - 0:00
Last Minute Defensive - 1:02
Total
Forward - 60:00
Defense - 60:00
|
Play-by-Play
1st period
0:01 of 1st period - Sasha Chmelevski wins face-off versus Zach Aston-Reese in neutral zone.
0:06 of 1st period - Slapshot by Lucas Raymond.
0:06 of 1st period - Stopped by Eric Comrie with a rebound.
0:15 of 1st period - Snap shot by Zach Aston-Reese.
0:15 of 1st period - Stopped by Joey Daccord without a rebound.
0:16 of 1st period - Chris Tierney wins face-off versus Dakota Joshua in Peoria Rivermen zone.
1:00 of 1st period - Lucas Raymond is hit by Teddy Blueger and loses puck.
2:20 of 1st period - Wrist shot by Teddy Blueger.
2:20 of 1st period - Stopped by Joey Daccord with a rebound.
2:27 of 1st period - Off-side.
2:28 of 1st period - Chris Tierney wins face-off versus Grant Mismash in neutral zone.
2:37 of 1st period - Snap shot by Sammy Blais.
2:37 of 1st period - Deflect By Milan Lucic.
2:37 of 1st period - Stopped by Joey Daccord without a rebound.
2:38 of 1st period - Chris Tierney wins face-off versus Grant Mismash in Peoria Rivermen zone.
2:51 of 1st period - Snap shot by Chris Tierney.
2:51 of 1st period - Shot Misses the Net.
2:53 of 1st period - Slapshot by Tucker Poolman.
2:53 of 1st period - Shot Blocked by Jesper Froden.
3:12 of 1st period - Snap shot by Chris Tierney.
3:12 of 1st period - Shot Misses the Net.
3:14 of 1st period - Backhand shot by Tucker Poolman.
3:14 of 1st period - Stopped by Joey Daccord with a rebound.
3:18 of 1st period - Slapshot by Chris Tierney.
3:18 of 1st period - Stopped by Joey Daccord without a rebound.
3:19 of 1st period - Jakob Pelletier wins face-off versus Teddy Blueger in Peoria Rivermen zone.
3:26 of 1st period - Snap shot by Brandon Biro.
3:26 of 1st period - Stopped by Eric Comrie without a rebound.
3:27 of 1st period - Teddy Blueger wins face-off versus Jonas Rondbjerg in Havana Tropicals zone.
4:00 of 1st period - Minor Penalty to Jalen Chatfield for Slashing.
4:01 of 1st period - Lucas Raymond wins face-off versus Chris Tierney in Peoria Rivermen zone.
4:33 of 1st period - Snap shot by Teddy Blueger.
4:33 of 1st period - Shot Blocked by Yegor Zamula.
4:35 of 1st period - Slapshot by Zach Whitecloud.
4:35 of 1st period - Deflect By Ryan Lomberg.
4:35 of 1st period - Stopped by Joey Daccord with a rebound.
6:00 of 1st period - Penalty to Jalen Chatfield is over, Jalen Chatfield is back on ice.
6:39 of 1st period - Lucas Raymond is hit by Emil Bemstrom.
7:19 of 1st period - Pierre-Edouard Bellemare is hit by Lucas Raymond and loses puck.
7:40 of 1st period - Minor Penalty to Pavel Dorofeyev for Hooking.
7:41 of 1st period - Sasha Chmelevski wins face-off versus Teddy Blueger in Havana Tropicals zone.
9:40 of 1st period - Penalty to Pavel Dorofeyev is over, Pavel Dorofeyev is back on ice.
9:48 of 1st period - Snap shot by Jonas Rondbjerg.
9:48 of 1st period - Shot Misses the Net.
9:50 of 1st period - Wrist shot by Jonas Rondbjerg.
9:50 of 1st period - Stopped by Eric Comrie with a rebound.
9:52 of 1st period - Snap shot by Jonas Rondbjerg.
9:52 of 1st period - Shot Blocked by Pavel Dorofeyev.
9:54 of 1st period - Wrist shot by Jakob Pelletier.
9:54 of 1st period - Shot Misses the Net.
9:56 of 1st period - Slapshot by Jakub Galvas.
9:56 of 1st period - Stopped by Eric Comrie without a rebound.
9:57 of 1st period - Jakob Pelletier wins face-off versus Philipp Kurashev in Havana Tropicals zone.
10:06 of 1st period - Snap shot by Brandon Biro.
10:06 of 1st period - Stopped by Eric Comrie without a rebound.
10:07 of 1st period - Jakob Pelletier wins face-off versus Philipp Kurashev in Havana Tropicals zone.
10:08 of 1st period - Slapshot by Brandon Biro.
10:08 of 1st period - Stopped by Eric Comrie with a rebound.
10:10 of 1st period - Wrist shot by Jakob Pelletier.
10:10 of 1st period - Deflect By Brandon Biro.
10:10 of 1st period - Stopped by Eric Comrie with a rebound.
10:12 of 1st period - Backhand shot by Jakub Galvas.
10:12 of 1st period - Stopped by Eric Comrie without a rebound.
10:13 of 1st period - Sasha Chmelevski wins face-off versus Chris Tierney in Havana Tropicals zone.
11:20 of 1st period - Robert Bortuzzo is hit by Lucas Raymond and loses puck.
11:50 of 1st period - Minor Penalty to Milan Lucic for Slashing.
11:51 of 1st period - Teddy Blueger wins face-off versus Ryan Lomberg in Havana Tropicals zone.
12:01 of 1st period - Snap shot by Lucas Raymond.
12:01 of 1st period - Shot Blocked by Zach Whitecloud.
12:03 of 1st period - Slapshot by Zachary Jones.
12:03 of 1st period - Shot Blocked by Pierre-Edouard Bellemare.
13:50 of 1st period - Penalty to Milan Lucic is over, Milan Lucic is back on ice.
13:56 of 1st period - Robert Bortuzzo is hit by Patrick Giles.
14:06 of 1st period - Henrik Borgstrom is hit by Matthew Kessel and loses puck.
14:45 of 1st period - Slapshot by Sammy Blais.
14:45 of 1st period - Shot Blocked by Jonas Rondbjerg.
15:09 of 1st period - Slapshot by Emil Bemstrom.
15:09 of 1st period - Stopped by Joey Daccord with a rebound.
15:11 of 1st period - Snap shot by Tucker Poolman.
15:11 of 1st period - Stopped by Joey Daccord without a rebound.
15:12 of 1st period - Jakob Pelletier wins face-off versus Emil Bemstrom in Peoria Rivermen zone.
15:23 of 1st period - Jakob Pelletier is hit by Nolan Foote and loses puck.
15:32 of 1st period - Snap shot by Nolan Foote.
15:32 of 1st period - Stopped by Joey Daccord without a rebound.
15:33 of 1st period - Teddy Blueger wins face-off versus Sasha Chmelevski in Peoria Rivermen zone.
15:51 of 1st period - Minor Penalty to Sasha Chmelevski for Holding.
15:52 of 1st period - Teddy Blueger wins face-off versus Lucas Raymond in Peoria Rivermen zone.
15:56 of 1st period - Snap shot by Teddy Blueger.
15:56 of 1st period - Shot Misses the Net.
15:58 of 1st period - Slapshot by Dean Kukan.
15:58 of 1st period - Stopped by Joey Daccord with a rebound.
16:00 of 1st period - Slapshot by Dean Kukan.
16:00 of 1st period - Goal by Dean Kukan - Peoria Rivermen : 0 - Havana Tropicals : 1.
16:01 of 1st period - Ryan Lomberg wins face-off versus Teddy Blueger in neutral zone.
16:04 of 1st period - Zach Aston-Reese is hit by Ryan Lomberg.
16:35 of 1st period - Snap shot by Tyler Pitlick.
16:35 of 1st period - Stopped by Eric Comrie with a rebound.
16:37 of 1st period - Snap shot by Connor Mackey.
16:37 of 1st period - Shot Misses the Net.
17:08 of 1st period - Snap shot by Brandon Biro.
17:08 of 1st period - Shot Misses the Net.
17:28 of 1st period - Dakota Joshua is hit by Timothy Liljegren.
17:45 of 1st period - Icing by Sammy Blais.
17:46 of 1st period - Chris Tierney wins face-off versus Grant Mismash in Havana Tropicals zone.
17:58 of 1st period - Off-side.
17:59 of 1st period - Teddy Blueger wins face-off versus Dakota Joshua in neutral zone.
18:08 of 1st period - Snap shot by Josiah Slavin.
18:08 of 1st period - Shot Blocked by Zach Whitecloud.
18:10 of 1st period - Slapshot by Jalen Chatfield.
18:10 of 1st period - Deflect By Pierre-Edouard Bellemare.
18:10 of 1st period - Stopped by Eric Comrie with a rebound.
18:12 of 1st period - Slapshot by Tyler Pitlick.
18:12 of 1st period - Shot Misses the Net.
18:14 of 1st period - Snap shot by Yegor Zamula.
18:14 of 1st period - Shot Misses the Net.
18:53 of 1st period - Wrist shot by Emil Bemstrom.
18:53 of 1st period - Stopped by Joey Daccord with a rebound.
18:59 of 1st period - Minor Penalty to Connor Mackey for Hooking.
19:00 of 1st period - Teddy Blueger wins face-off versus Lucas Raymond in Peoria Rivermen zone.
19:19 of 1st period - Yegor Zamula is hit by Teddy Blueger and loses puck.
19:52 of 1st period - Lucas Raymond is hit by Teddy Blueger and loses puck.
Goals for this period are 0 for Peoria Rivermen vs 1 for Havana Tropicals.
Shots for this period are 10 for Peoria Rivermen vs 12 for Havana Tropicals.
2nd period
0:01 of 2nd period - Teddy Blueger wins face-off versus Lucas Raymond in neutral zone.
0:04 of 2nd period - Sasha Chmelevski is hit by Pierre-Edouard Bellemare and loses puck.
0:59 of 2nd period - Penalty to Connor Mackey is over, Connor Mackey is back on ice.
1:00 of 2nd period - Icing by Zachary Jones.
1:01 of 2nd period - Teddy Blueger wins face-off versus Lucas Raymond in Peoria Rivermen zone.
1:02 of 2nd period - Wrist shot by Zach Aston-Reese.
1:02 of 2nd period - Stopped by Joey Daccord with a rebound.
1:04 of 2nd period - Slapshot by Timothy Liljegren.
1:04 of 2nd period - Deflect By Sasha Chmelevski.
1:04 of 2nd period - Stopped by Joey Daccord with a rebound.
1:33 of 2nd period - Snap shot by Chris Tierney.
1:33 of 2nd period - Stopped by Joey Daccord with a rebound.
1:35 of 2nd period - Snap shot by Dean Kukan.
1:35 of 2nd period - Stopped by Joey Daccord without a rebound.
1:36 of 2nd period - Dakota Joshua wins face-off versus Teddy Blueger in Peoria Rivermen zone.
1:41 of 2nd period - Teddy Blueger is hit by Yegor Zamula and loses puck.
1:55 of 2nd period - Minor Penalty to Zach Aston-Reese for Roughing.
1:56 of 2nd period - Teddy Blueger wins face-off versus Sasha Chmelevski in Havana Tropicals zone.
1:56 of 2nd period - Teddy Blueger is hit by Sasha Chmelevski.
2:19 of 2nd period - Zach Whitecloud is hit by Jalen Chatfield and loses puck.
2:47 of 2nd period - Slapshot by Dakota Joshua.
2:47 of 2nd period - Stopped by Eric Comrie with a rebound.
3:23 of 2nd period - Ryan Lomberg is hit by Robert Bortuzzo and loses puck.
3:52 of 2nd period - Zach Whitecloud is hit by Jakob Pelletier.
3:55 of 2nd period - Penalty to Zach Aston-Reese is over, Zach Aston-Reese is back on ice.
5:23 of 2nd period - Yegor Zamula is hit by Pierre-Edouard Bellemare.
6:35 of 2nd period - Lucas Raymond is hit by Zach Whitecloud and loses puck.
7:46 of 2nd period - Zachary Jones is hit by Alexander Nylander and loses puck.
7:58 of 2nd period - Icing by Sammy Blais.
7:59 of 2nd period - Grant Mismash wins face-off versus Chris Tierney in Havana Tropicals zone.
8:04 of 2nd period - Snap shot by Lucas Raymond.
8:04 of 2nd period - Stopped by Eric Comrie with a rebound.
8:12 of 2nd period - Matthew Kessel is hit by Chris Tierney and loses puck.
8:26 of 2nd period - Chris Tierney is hit by Lucas Raymond.
8:54 of 2nd period - Snap shot by Jesper Froden.
8:54 of 2nd period - Stopped by Eric Comrie with a rebound.
9:18 of 2nd period - Wrist shot by Lucas Raymond.
9:18 of 2nd period - Shot Blocked by Robert Bortuzzo.
9:20 of 2nd period - Snap shot by Lucas Raymond.
9:20 of 2nd period - Shot Misses the Net.
9:22 of 2nd period - Snap shot by Zachary Jones.
9:22 of 2nd period - Stopped by Eric Comrie with a rebound.
9:32 of 2nd period - Slapshot by Jesper Froden.
9:32 of 2nd period - Shot Misses the Net.
9:52 of 2nd period - Slapshot by Lucas Raymond.
9:52 of 2nd period - Shot Blocked by Robert Bortuzzo.
10:08 of 2nd period - Snap shot by Lucas Raymond.
10:08 of 2nd period - Stopped by Eric Comrie with a rebound.
10:14 of 2nd period - Wrist shot by Milan Lucic.
10:14 of 2nd period - Shot Blocked by Jakub Galvas.
10:16 of 2nd period - Slapshot by Zach Whitecloud.
10:16 of 2nd period - Deflect By Chris Tierney.
10:16 of 2nd period - Stopped by Joey Daccord with a rebound.
10:26 of 2nd period - Wrist shot by Sammy Blais.
10:26 of 2nd period - Shot Blocked by Matthew Kessel.
10:50 of 2nd period - Wrist shot by Jesper Froden.
10:50 of 2nd period - Shot Hit the Post.
11:12 of 2nd period - Snap shot by Lucas Raymond.
11:12 of 2nd period - Shot Blocked by Sammy Blais.
11:35 of 2nd period - Wrist shot by Milan Lucic.
11:35 of 2nd period - Stopped by Joey Daccord with a rebound.
11:37 of 2nd period - Slapshot by Chris Tierney.
11:37 of 2nd period - Shot Misses the Net.
11:39 of 2nd period - Snap shot by Milan Lucic.
11:39 of 2nd period - Deflect By Sammy Blais.
11:39 of 2nd period - Stopped by Joey Daccord without a rebound.
11:40 of 2nd period - Teddy Blueger wins face-off versus Dakota Joshua in Peoria Rivermen zone.
11:45 of 2nd period - Wrist shot by Pierre-Edouard Bellemare.
11:45 of 2nd period - Shot Blocked by Tyler Pitlick.
11:47 of 2nd period - Minor Penalty to Dakota Joshua for Interference.
11:48 of 2nd period - Teddy Blueger wins face-off versus Ryan Lomberg in Peoria Rivermen zone.
11:51 of 2nd period - Slapshot by Pierre-Edouard Bellemare.
11:51 of 2nd period - Shot Misses the Net.
12:45 of 2nd period - Snap shot by Emil Bemstrom.
12:45 of 2nd period - Goal by Emil Bemstrom - Peoria Rivermen : 0 - Havana Tropicals : 2.
12:46 of 2nd period - Dakota Joshua wins face-off versus Philipp Kurashev in neutral zone.
13:19 of 2nd period - Snap shot by Tyler Pitlick.
13:19 of 2nd period - Stopped by Eric Comrie without a rebound.
13:20 of 2nd period - Jakob Pelletier wins face-off versus Pierre-Edouard Bellemare in Havana Tropicals zone.
13:25 of 2nd period - Wrist shot by Brandon Biro.
13:25 of 2nd period - Shot Misses the Net.
13:27 of 2nd period - Slapshot by Connor Mackey.
13:27 of 2nd period - Stopped by Eric Comrie with a rebound.
13:29 of 2nd period - Snap shot by Connor Mackey.
13:29 of 2nd period - Shot Blocked by Zach Aston-Reese.
13:31 of 2nd period - Snap shot by Brandon Biro.
13:31 of 2nd period - Goal by Brandon Biro - Peoria Rivermen : 1 - Havana Tropicals : 2.
13:32 of 2nd period - Dakota Joshua wins face-off versus Teddy Blueger in neutral zone.
13:37 of 2nd period - Snap shot by Tyler Pitlick.
13:37 of 2nd period - Deflect By Dakota Joshua.
13:37 of 2nd period - Shot Misses the Net.
13:37 of 2nd period - Puck is out of play.
13:38 of 2nd period - Dakota Joshua wins face-off versus Zach Aston-Reese in Havana Tropicals zone.
13:43 of 2nd period - Wrist shot by Josiah Slavin.
13:43 of 2nd period - Shot Hit the Post.
14:13 of 2nd period - Off-side.
14:14 of 2nd period - Teddy Blueger wins face-off versus Jakob Pelletier in neutral zone.
14:39 of 2nd period - Teddy Blueger is hit by Lucas Raymond and loses puck.
14:52 of 2nd period - Pierre-Edouard Bellemare is hit by Sasha Chmelevski and loses puck.
15:01 of 2nd period - Backhand shot by Pierre-Edouard Bellemare.
15:01 of 2nd period - Stopped by Joey Daccord without a rebound.
15:02 of 2nd period - Philipp Kurashev wins face-off versus Dakota Joshua in Peoria Rivermen zone.
15:28 of 2nd period - Chris Tierney is hit by Jakob Pelletier.
18:25 of 2nd period - Slapshot by Sammy Blais.
18:25 of 2nd period - Stopped by Joey Daccord without a rebound.
18:26 of 2nd period - Zach Aston-Reese wins face-off versus Tyler Pitlick in Peoria Rivermen zone.
18:53 of 2nd period - Brandon Biro is hit by Chris Tierney and loses puck.
19:16 of 2nd period - Slapshot by Jakob Pelletier.
19:16 of 2nd period - Shot Misses the Net.
19:20 of 2nd period - Slapshot by Lucas Raymond.
19:20 of 2nd period - Shot Blocked by Emil Bemstrom.
19:22 of 2nd period - Backhand shot by Sasha Chmelevski.
19:22 of 2nd period - Deflect By Lucas Raymond.
19:22 of 2nd period - Shot Blocked by Robert Bortuzzo.
19:22 of 2nd period - Puck is out of play.
19:23 of 2nd period - Teddy Blueger wins face-off versus Sasha Chmelevski in Havana Tropicals zone.
19:23 of 2nd period - Teddy Blueger is hit by Sasha Chmelevski.
Goals for this period are 1 for Peoria Rivermen vs 1 for Havana Tropicals.
Shots for this period are 8 for Peoria Rivermen vs 10 for Havana Tropicals.
3rd period
0:01 of 3rd period - Sasha Chmelevski wins face-off versus Teddy Blueger in neutral zone.
0:26 of 3rd period - Pierre-Edouard Bellemare is hit by Jakob Pelletier and loses puck.
0:35 of 3rd period - Snap shot by Teddy Blueger.
0:35 of 3rd period - Stopped by Joey Daccord without a rebound.
0:36 of 3rd period - Lucas Raymond wins face-off versus Philipp Kurashev in Peoria Rivermen zone.
2:11 of 3rd period - Slapshot by Josiah Slavin.
2:11 of 3rd period - Stopped by Eric Comrie with a rebound.
3:03 of 3rd period - Slapshot by Dakota Joshua.
3:03 of 3rd period - Stopped by Eric Comrie with a rebound.
3:15 of 3rd period - Snap shot by Nolan Foote.
3:15 of 3rd period - Stopped by Joey Daccord without a rebound.
3:16 of 3rd period - Sasha Chmelevski wins face-off versus Teddy Blueger in Peoria Rivermen zone.
3:16 of 3rd period - Sasha Chmelevski is hit by Zach Aston-Reese.
4:36 of 3rd period - Off-side.
4:37 of 3rd period - Sasha Chmelevski wins face-off versus Chris Tierney in neutral zone.
4:42 of 3rd period - Snap shot by Sasha Chmelevski.
4:42 of 3rd period - Shot Misses the Net.
4:44 of 3rd period - Slapshot by Zachary Jones.
4:44 of 3rd period - Shot Blocked by Dennis Cholowski.
4:46 of 3rd period - Snap shot by Ryan Lomberg.
4:46 of 3rd period - Deflect By Sasha Chmelevski.
4:46 of 3rd period - Goal by Sasha Chmelevski - Peoria Rivermen : 2 - Havana Tropicals : 2.
4:47 of 3rd period - Teddy Blueger wins face-off versus Sasha Chmelevski in neutral zone.
5:12 of 3rd period - Emil Bemstrom is hit by Dakota Joshua and loses puck.
5:19 of 3rd period - Slapshot by Zach Whitecloud.
5:19 of 3rd period - Deflect By Dakota Joshua.
5:19 of 3rd period - Stopped by Joey Daccord without a rebound.
5:20 of 3rd period - Teddy Blueger wins face-off versus Sasha Chmelevski in Peoria Rivermen zone.
5:21 of 3rd period - Wrist shot by Pierre-Edouard Bellemare.
5:21 of 3rd period - Stopped by Joey Daccord without a rebound.
5:22 of 3rd period - Teddy Blueger wins face-off versus Sasha Chmelevski in Peoria Rivermen zone.
5:52 of 3rd period - Snap shot by Dakota Joshua.
5:52 of 3rd period - Stopped by Eric Comrie without a rebound.
5:53 of 3rd period - Chris Tierney wins face-off versus Dakota Joshua in Havana Tropicals zone.
5:53 of 3rd period - Chris Tierney is hit by Tyler Pitlick.
5:59 of 3rd period - Yegor Zamula is hit by Milan Lucic and loses puck.
6:45 of 3rd period - Minor Penalty to Jakob Pelletier for Roughing.
6:46 of 3rd period - Lucas Raymond wins face-off versus Teddy Blueger in Peoria Rivermen zone.
6:59 of 3rd period - Slapshot by Robert Bortuzzo.
6:59 of 3rd period - Stopped by Joey Daccord with a rebound.
7:01 of 3rd period - Snap shot by Robert Bortuzzo.
7:01 of 3rd period - Shot Misses the Net.
8:13 of 3rd period - Robert Bortuzzo is hit by Brandon Biro.
8:33 of 3rd period - Icing by Sammy Blais.
8:34 of 3rd period - Chris Tierney wins face-off versus Lucas Raymond in Havana Tropicals zone.
8:45 of 3rd period - Penalty to Jakob Pelletier is over, Jakob Pelletier is back on ice.
8:53 of 3rd period - Wrist shot by Tyler Pitlick.
8:53 of 3rd period - Stopped by Eric Comrie with a rebound.
8:55 of 3rd period - Wrist shot by Josiah Slavin.
8:55 of 3rd period - Goal by Josiah Slavin - Peoria Rivermen : 3 - Havana Tropicals : 2.
8:56 of 3rd period - Sasha Chmelevski wins face-off versus Teddy Blueger in neutral zone.
9:23 of 3rd period - Chris Tierney is hit by Dakota Joshua and loses puck.
9:33 of 3rd period - Off-side.
9:34 of 3rd period - Jakob Pelletier wins face-off versus Philipp Kurashev in neutral zone.
9:37 of 3rd period - Snap shot by Brandon Biro.
9:37 of 3rd period - Shot Blocked by Robert Bortuzzo.
10:00 of 3rd period - Sasha Chmelevski is hit by Pierre-Edouard Bellemare.
11:08 of 3rd period - Icing by Jonas Rondbjerg.
11:09 of 3rd period - Jakob Pelletier wins face-off versus Philipp Kurashev in Peoria Rivermen zone.
12:30 of 3rd period - Snap shot by Brandon Biro.
12:30 of 3rd period - Stopped by Eric Comrie without a rebound.
12:31 of 3rd period - Teddy Blueger wins face-off versus Sasha Chmelevski in Havana Tropicals zone.
12:43 of 3rd period - Wrist shot by Ryan Lomberg.
12:43 of 3rd period - Stopped by Eric Comrie with a rebound.
12:45 of 3rd period - Snap shot by Lucas Raymond.
12:45 of 3rd period - Deflect By Ryan Lomberg.
12:45 of 3rd period - Stopped by Eric Comrie with a rebound.
12:47 of 3rd period - Wrist shot by Matthew Kessel.
12:47 of 3rd period - Stopped by Eric Comrie with a rebound.
12:57 of 3rd period - Tyler Pitlick is hit by Chris Tierney and loses puck.
13:12 of 3rd period - Minor Penalty to Sammy Blais for Boarding.
13:13 of 3rd period - Sasha Chmelevski wins face-off versus Teddy Blueger in Havana Tropicals zone.
13:55 of 3rd period - Sasha Chmelevski is hit by Timothy Liljegren and loses puck.
15:12 of 3rd period - Penalty to Sammy Blais is over, Sammy Blais is back on ice.
15:26 of 3rd period - Snap shot by Brandon Biro.
15:26 of 3rd period - Stopped by Eric Comrie with a rebound.
15:52 of 3rd period - Snap shot by Nolan Foote.
15:52 of 3rd period - Goal by Nolan Foote - Peoria Rivermen : 3 - Havana Tropicals : 3.
15:53 of 3rd period - Sasha Chmelevski wins face-off versus Pavel Dorofeyev in neutral zone.
16:08 of 3rd period - Emil Bemstrom is hit by Ryan Lomberg and loses puck.
16:40 of 3rd period - Slapshot by Pavel Dorofeyev.
16:40 of 3rd period - Shot Misses the Net.
16:42 of 3rd period - Slapshot by Zach Whitecloud.
16:42 of 3rd period - Stopped by Joey Daccord without a rebound.
16:43 of 3rd period - Teddy Blueger wins face-off versus Jakob Pelletier in Peoria Rivermen zone.
16:59 of 3rd period - Slapshot by Tucker Poolman.
16:59 of 3rd period - Shot Blocked by Brandon Biro.
17:09 of 3rd period - Jakob Pelletier is hit by Sammy Blais and loses puck.
17:16 of 3rd period - Wrist shot by Sammy Blais.
17:16 of 3rd period - Stopped by Joey Daccord with a rebound.
17:18 of 3rd period - Slapshot by Dean Kukan.
17:18 of 3rd period - Stopped by Joey Daccord with a rebound.
17:41 of 3rd period - Snap shot by Sasha Chmelevski.
17:41 of 3rd period - Shot Misses the Net.
17:43 of 3rd period - Wrist shot by Sasha Chmelevski.
17:43 of 3rd period - Shot Misses the Net.
17:55 of 3rd period - Slapshot by Tyler Pitlick.
17:55 of 3rd period - Stopped by Eric Comrie without a rebound.
17:56 of 3rd period - Dakota Joshua wins face-off versus Teddy Blueger in Havana Tropicals zone.
17:57 of 3rd period - Snap shot by Tyler Pitlick.
17:57 of 3rd period - Deflect By Josiah Slavin.
17:57 of 3rd period - Stopped by Eric Comrie without a rebound.
17:58 of 3rd period - Teddy Blueger wins face-off versus Dakota Joshua in Havana Tropicals zone.
18:06 of 3rd period - Wrist shot by Tyler Pitlick.
18:06 of 3rd period - Stopped by Eric Comrie with a rebound.
18:08 of 3rd period - Snap shot by Dakota Joshua.
18:08 of 3rd period - Shot Hit the Post.
18:10 of 3rd period - Wrist shot by Tyler Pitlick.
18:10 of 3rd period - Deflect By Josiah Slavin.
18:10 of 3rd period - Shot Misses the Net.
18:10 of 3rd period - Puck is out of play.
18:11 of 3rd period - Philipp Kurashev wins face-off versus Ryan Lomberg in Havana Tropicals zone.
18:18 of 3rd period - Snap shot by Emil Bemstrom.
18:18 of 3rd period - Goal by Emil Bemstrom - Peoria Rivermen : 3 - Havana Tropicals : 4.
18:19 of 3rd period - Philipp Kurashev wins face-off versus Sasha Chmelevski in neutral zone.
18:53 of 3rd period - Snap shot by Dakota Joshua.
18:53 of 3rd period - Shot Blocked by Nolan Foote.
19:01 of 3rd period - Peoria Rivermen, Joey Daccord is pulled from the net.
19:15 of 3rd period - Snap shot by Ryan Lomberg.
19:15 of 3rd period - Shot Blocked by Zach Aston-Reese.
19:17 of 3rd period - Slapshot by Ryan Lomberg.
19:17 of 3rd period - Shot Misses the Net.
19:19 of 3rd period - Wrist shot by Ryan Lomberg.
19:19 of 3rd period - Shot Misses the Net.
19:53 of 3rd period - Snap shot by Lucas Raymond.
19:53 of 3rd period - Shot Misses the Net.
Goals for this period are 2 for Peoria Rivermen vs 2 for Havana Tropicals.
Shots for this period are 14 for Peoria Rivermen vs 10 for Havana Tropicals.
Back to the Top